 Dungeon Crawl Stone Soup version 0.25.0-1-g7eea58d2a3 (webtiles) character file.

Game seed: 10994452777502430389

731598 inmateoo the Impregnable (level 27, -3/222 HPs)
             Began as a Gnoll Skald on June 13, 2020.
             Was the Champion of Cheibriados.
             Killed from afar by a hellion (30 damage)
             ... with damnation
             ... on level 7 of Gehenna on June 14, 2020.
             The game lasted 02:25:21 (70832 turns).

inmateoo the Impregnable (Gnoll Skald)             Turns: 70832, Time: 02:25:23

Health: -3/222     AC: 17    Str: 31    XL:     27
Magic:  1/46       EV: 35    Int: 64    God:    Cheibriados [******]
Gold:   4200       SH: 20    Dex: 27    Spells: 2/65 levels left

rFire    + + +     SeeInvis .     - Unarmed
rCold    + + +     Gourm    .   l - +2 shield of Resistance {rF+ rC+ MR+}
rNeg     + . .     Faith    .   S - +1 leather armour of Hiocabar {rPois MR+ Int+5}
rPois    +         Spirit   .   j - +2 helmet {Int+3}
rElec    +         Reflect  .   Z - scarf {rC+ rF+}
rCorr    +         Harm     .   u - +0 pair of gloves of Kaboppamm {rPois rCorr Str-3 Int+6}
MR       +++++                  z - +2 pair of boots "Ecuhateh" {*Drain +Blink Int+6}
Stlth    ++++++++..             J - amulet of Rynuwomut {*Corrode +Fly rPois Regen+ Int+5}
HPRegen  0.87/turn              p - ring of Ziufrink {rElec rF+ rC+ rN+ Str+2 Dex-2}
MPRegen  0.30/turn              C - ring of wizardry

@: very slightly contaminated, studying 3 skills, very slow
A: distributed training, fangs 1, repulsion field 1, blurry vision 1,
deterioration 1, dopey 1, magic resistance 1, strong nose
}: 3/15 runes: decaying, serpentine, slimy
a: Bend Time, Temporal Distortion, Slouch, Step From Time, Renounce Religion,
Evoke Blink, Evoke Flight


You were on level 7 of Gehenna.
You worshipped Cheibriados.
Cheibriados was exalted by your worship.
You were full.

You visited 14 branches of the dungeon, and saw 64 of its levels.
You visited the Abyss 1 time.
You visited 1 bazaar.
You also visited: Trove, Gauntlet, Volcano and Wizlab.

You collected 10649 gold pieces.
You spent 6449 gold pieces at shops.

Inventory:

Hand Weapons
 b - a +9 demon trident of freezing
Missiles
 v - 29 silver javelins (quivered)
 V - 3 throwing nets
Armour
 j - a +2 helmet of intelligence (worn)
 l - the +2 shield of Resistance (worn) {rF+ rC+ MR+}
   (You found it on level 6 of the Lair of Beasts)

   It protects you from fire.
   It protects you from cold.
   It affects your resistance to hostile enchantments.
 u - the +0 pair of gloves of Kaboppamm (worn) {rPois rCorr Str-3 Int+6}
   (You found it on level 3 of the Elven Halls)

   It affects your strength (-3).
   It affects your intelligence (+6).
   It protects you from poison.
   It provides partial protection from all sources of acid and corrosion.
 z - the +2 pair of boots "Ecuhateh" (worn) {*Drain +Blink Int+6}
   (You bought it in a shop in a bazaar)

   It affects your intelligence (+6).
   It lets you blink.
   It causes draining when unequipped.
 S - the +1 leather armour of Hiocabar (worn) {rPois MR+ Int+5}
   (You bought it in a shop in a bazaar)

   It affects your intelligence (+5).
   It protects you from poison.
   It affects your resistance to hostile enchantments.
 Z - a scarf of resistance (worn)
Magical Staves
 I - an uncursed staff of energy
 M - an uncursed staff of earth
Jewellery
 p - the ring of Ziufrink (left hand) {rElec rF+ rC+ rN+ Str+2 Dex-2}
   (You bought it in a shop on level 4 of the Snake Pit)

   [ring of protection from fire]

   It affects your strength (+2).
   It affects your dexterity (-2).
   It protects you from fire.
   It protects you from cold.
   It insulates you from electricity.
   It protects you from negative energy.
 s - an uncursed ring of positive energy
 C - a ring of wizardry (right hand)
 J - the amulet of Rynuwomut (around neck) {*Corrode +Fly rPois Regen+ Int+5}
   (You found it on level 5 of the Pits of Slime)

   [amulet of regeneration]

   It affects your intelligence (+5).
   It protects you from poison.
   It lets you fly.
   It increases your rate of regeneration.
   It may corrode you when you take damage.
 L - the ring "Tegrasao" {+Fly rPois Dex-3 SInv Stlth+}
   (You acquired it on level 3 of the Swamp)

   [ring of flight]

   It affects your dexterity (-3).
   It protects you from poison.
   It lets you see invisible.
   It lets you fly.
   It makes you more stealthy.
 U - the ring of the Centipede {rCorr Stlth+}
   (You found it on level 3 of the Vaults)

   [ring of resist corrosion]

   It provides partial protection from all sources of acid and corrosion.
   It makes you more stealthy.
Wands
 G - a wand of paralysis (70)
 K - a wand of iceblast (29)
 O - a wand of clouds (11)
 Q - a wand of acid (39)
 W - a wand of digging (10)
Scrolls
 a - 26 scrolls of teleportation
 c - 2 scrolls of fog
 f - 13 scrolls of magic mapping
 h - 2 scrolls of summoning
 r - 21 scrolls of identify
 x - 3 scrolls of holy word
 y - 13 scrolls of fear
 A - 6 scrolls of amnesia
 B - 35 scrolls of remove curse
 Y - 7 scrolls of blinking
Potions
 e - 31 potions of curing
 k - 9 potions of mutation
 m - 7 potions of cancellation
 n - 16 potions of heal wounds
 o - 8 potions of ambrosia
 t - 10 potions of invisibility
 D - 2 potions of resistance
 E - 8 potions of might
 F - 11 potions of brilliance
 H - 5 potions of magic
Books
 q - a manual of Short Blades
 P - a manual of Hexes
 R - a manual of Necromancy
Miscellaneous
 g - 4 boxes of beasts
 i - a phial of floods
 w - a tin of tremorstones (3/3)
 N - the horn of Geryon
 X - a lightning rod (4/4)
Comestibles
 d - 59 rations


   Skills:
 + Level 19.5 Fighting
 + Level 21.1 Short Blades
 + Level 19.1 Long Blades
 + Level 19.1 Axes
 + Level 19.1 Maces & Flails
 + Level 19.5 Polearms
 + Level 19.1 Staves
 + Level 19.1 Slings
 + Level 19.1 Bows
 + Level 19.1 Crossbows
 + Level 19.1 Throwing
 + Level 24.9 Armour
 + Level 19.5 Dodging
 + Level 19.1 Stealth
 + Level 19.1 Shields
 + Level 19.1 Unarmed Combat
 + Level 19.6 Spellcasting
 + Level 16.5 Conjurations
 + Level 18.3 Hexes
 + Level 17.2 Charms
 + Level 16.5 Summonings
 + Level 18.6 Necromancy
 + Level 16.5 Translocations
 + Level 16.5 Transmutations
 + Level 16.5 Fire Magic
 + Level 16.5 Ice Magic
 + Level 16.5 Air Magic
 + Level 16.5 Earth Magic
 + Level 16.5 Poison Magic
 + Level 20.5 Invocations
 + Level 19.1 Evocations


You had 2 spell levels left.
You knew the following spells:

 Your Spells              Type           Power        Failure   Level  Hunger
a - Statue Form           Tmut/Erth      ########.    0%          6    None
b - Shatter               Erth           ########..   6%          9    None
c - Shroud of Golubria    Chrm/Tloc      ######       0%          2    None
d - Fire Storm            Conj/Fire      ########..   6%          9    None
e - Blink                 Tloc           N/A          0%          2    None
f - Passage of Golubria   Tloc           N/A          0%          4    None
g - Freezing Cloud        Conj/Ice/Air   ########..   0%          6    None
h - Lee's Rapid Deconstr  Erth           ########..   0%          5    None
i - Apportation           Tloc           ######       0%          1    None
j - Passwall              Tmut/Erth      ########     0%          2    None
k - Absolute Zero         Ice            ########..   6%          9    None
l - Controlled Blink      Tloc           N/A          1%          8    None

Your spell library contained the following spells:

 Spells                   Type           Power        Failure   Level  Hunger
 Animate Skeleton         Necr           N/A          0%          1    None
 Beastly Appendage        Tmut           ######       0%          1    None
 Corona                   Hex            #######      0%          1    None
 Freeze                   Ice            ####         0%          1    None
 Infusion                 Chrm           ####         0%          1    None
 Magic Dart               Conj           ####         0%          1    None
 Pain                     Necr           ####         0%          1    None
 Sandblast                Erth           ######       0%          1    None
 Shock                    Conj/Air       ####         0%          1    None
 Sting                    Tmut/Pois      ####         0%          1    None
 Summon Butterflies       Summ           ########     0%          1    None
 Summon Small Mammal      Summ           ####         0%          1    None
 Call Imp                 Summ           ########     0%          2    None
 Corpse Rot               Necr/Air       N/A          0%          2    None
 Ensorcelled Hibernation  Hex/Ice        ######       0%          2    None
 Searing Ray              Conj           ######       0%          2    None
 Slow                     Hex            ########     0%          2    None
 Song of Slaying          Chrm           ########     0%          2    None
 Sticks to Snakes         Tmut           ########     0%          2    None
 Swiftness                Chrm/Air       ########     0%          2    None
 Call Canine Familiar     Summ           ########     0%          3    None
 Confusing Touch          Hex            ########     0%          3    None
 Conjure Flame            Conj/Fire      ########     0%          3    None
 Dazzling Flash           Conj/Hex       ######       0%          3    None
 Gell's Gravitas          Tloc           ########..   0%          3    None
 Ignite Poison            Fire/Tmut/Pois ########     0%          3    None
 Inner Flame              Hex/Fire       ########     0%          3    None
 Lesser Beckoning         Tloc           ########..   0%          3    None
 Mephitic Cloud           Conj/Pois/Air  ########     0%          3    None
 Ozocubu's Armour         Chrm/Ice       ########     0%          3    None
 Portal Projectile        Hex/Tloc       ######       0%          3    None
 Recall                   Summ/Tloc      N/A          0%          3    None
 Spectral Weapon          Hex/Chrm       ########     0%          3    None
 Spider Form              Tmut/Pois      ########..   0%          3    None
 Static Discharge         Conj/Air       ########     0%          3    None
 Stone Arrow              Conj/Erth      ######       0%          3    None
 Summon Guardian Golem    Hex/Summ       ########     0%          3    None
 Teleport Other           Tloc           ########     0%          3    None
 Tukima's Dance           Hex            ########     0%          3    None
 Vampiric Draining        Necr           ########..   0%          3    None
 Airstrike                Air            ########..   0%          4    None
 Animate Dead             Necr           N/A          0%          4    None
 Cause Fear               Hex            ########..   0%          4    None
 Fulminant Prism          Conj/Hex       ########..   0%          4    None
 Hailstorm                Conj/Ice       ########     0%          4    None
 Ice Form                 Ice/Tmut       ########     0%          4    None
 Iskenderun's Mystic Bla  Conj/Tloc      ########     0%          4    None
 Leda's Liquefaction      Hex/Erth       ########..   0%          4    None
 Petrify                  Tmut/Erth      ########     0%          4    None
 Sticky Flame             Conj/Fire      ########     0%          4    None
 Summon Ice Beast         Ice/Summ       ########     0%          4    None
 Summon Lightning Spire   Summ/Air       ########     0%          4    None
 Agony                    Necr           ########     0%          5    None
 Alistair's Intoxication  Tmut/Pois      ########     0%          5    None
 Aura of Abjuration       Summ           ########..   0%          5    None
 Blade Hands              Tmut           ########..   0%          5    None
 Bolt of Magma            Conj/Fire/Erth ########..   0%          5    None
 Borgnjor's Vile Clutch   Necr/Erth      ########..   0%          5    None
 Excruciating Wounds      Chrm/Necr      ########..   0%          5    None
 Irradiate                Conj/Tmut      ########..   0%          5    None
 Iskenderun's Battlesphe  Conj/Chrm      ########     0%          5    None
 Lightning Bolt           Conj/Air       ########..   0%          5    None
 Metabolic Englaciation   Hex/Ice        ########..   0%          5    None
 Silence                  Hex/Air        ########..   0%          5    None
 Summon Demon             Summ           ########..   0%          5    None
 Summon Forest            Summ/Tloc      ########..   0%          5    None
 Summon Mana Viper        Hex/Summ       ########     0%          5    None
 Yara's Violent Unravell  Hex/Tmut       ########..   0%          5    None
 Darkness                 Hex            ########..   0%          6    None
 Dispersal                Tloc           ########..   0%          6    None
 Hydra Form               Tmut           ########..   0%          6    None
 Iron Shot                Conj/Erth      ########..   0%          6    None
 Shadow Creatures         Summ           N/A          0%          6    None
 Simulacrum               Ice/Necr       ########..   0%          6    None
 Dragon Form              Tmut           ########..   1%          7    None
 Orb of Destruction       Conj           ########..   1%          7    None
 Ring of Flames           Chrm/Fire      ########..   1%          7    None
 Spellforged Servitor     Conj/Summ      ########..   1%          7    None
 Summon Hydra             Summ           ########..   1%          7    None
 Chain Lightning          Conj/Air       ########..   1%          8    None
 Disjunction              Tloc           ########..   1%          8    None
 Lehudib's Crystal Spear  Conj/Erth      ########..   1%          8    None


Dungeon Overview and Level Annotations

Branches:
Dungeon (15/15)            Temple (1/1) D:4            Lair (6/6) D:11
  Swamp (4/4) Lair:2        Snake (4/4) Lair:3        Slime (5/5) Lair:6
    Orc (2/2) D:9             Elf (3/3) Orc:2        Vaults (4/5) D:13
  Crypt (3/3) Vaults:3       Tomb (0/3) Crypt:3      Depths (5/5) D:15
   Hell (visited)             Dis (0/7) Hell            Geh (6/7) Hell
    Coc (0/7) Hell            Tar (0/7) Hell            Zot (4/5) Depths:5
Volcano (visited)          WizLab (visited)         Gauntlet (visited)

Altars:
Ashenzari
Cheibriados
Dithmenos
Elyvilon
Fedhas
Gozag
Hepliaklqana
Kikubaaqudgha
Makhleb
Nemelex Xobeh
Okawaru
Qazlal
Ru
Sif Muna
Trog
Uskayaw
Vehumet
Wu Jian
Xom
Yredelemnul
Zin
The Shining One
Beogh
Lugonu

Shops:
D:10 [%!   D:14 *   Orc:1 *(*!   Orc:2 *(*=   Elf:1 (   Snake:1 [   Snake:3 [
Snake:4 }}=   Vaults:3 [   Depths:5 *(

Portals:
Hell: Depths:1 Depths:2 Depths:3 Depths:4 Depths:5
Abyss: Depths:1 Depths:2 Depths:4
Pandemonium: Depths:3 Depths:5
Ziggurat: Depths:4

Annotations:
Elf:2 3 runed translucent doors


Innate Abilities, Weirdness & Mutations

Your experience applies equally to all skills.
You have very sharp teeth.
Your uncanny sense of smell can sniff out nearby items.
You are surrounded by a mild repulsion field. (EV +2)
Scrolls take you a little longer to read.
Your body sometimes deteriorates upon taking damage.
You are dopey. (Int -2)
You are resistant to hostile enchantments. (MR+)


Message History

The bolt of fire misses you.
Your magical contamination has completely faded away.
Items here: ))) [[[ ††† Unknown command.
Unknown command.
Unknown command.
Unknown command.
Okay, then.
Casting: Shatter (dangerous; 6% risk of failure)
Confirm with . or Enter, or press ? or * to list all spells.
Blink to where?
Press: ? - help, Dir - move target cursor You are very lightly contaminated with residual magic.
A hellion comes into view.
The balrug gestures at you. Something smites you!
* * * LOW HITPOINT WARNING * * *
The hellion gestures at you.
The sphere of damnation explodes!
The damnation engulfs you!!
You die...

**§1.#.........##*+***,,,,**,,*,,
,+.3..#.........#,,,**,,,,*,,*,*,
**...)....#....##☼,,+,,*,,+,,,,,,
,.,*.L.....#....○,*,***,**+**,,,*
*#..,#..).......#,,,',,*,,+,,,,,,
.##..#))).....○.#,,,**,,,,*,,*,*,
#≈≈≈§≈§))32○...R##****,,,,**,,*,,
§≈≈≈≈≈§...○R.....#####******,,,,,
≈§≈≈○E§N###)#.#.@.2..#***********
§§≈§≈§≈≈*,,.nE##........,,,******
≈§≈≈§§§≈',,*...○°.≈§..#.,,,,,,,,,
§≈§§≈≈§§*,,,..##°.≈≈≈≈§§≈≈,,*,,,,
≈§§§≈≈§§**'*'####..≈≈§≈≈≈≈≈≈≈≈≈≈≈
≈≈≈§§§§#**,,,****..≈§###≈≈≈≈≈≈≈≈≈
≈§§§≈≈§*,,,,,,,**.#≈§# *≈≈≈≈,*≈≈≈
≈≈≈≈≈≈≈',*,,,*,**..≈≈#**≈≈≈≈,*≈≈≈
≈≈≈≈≈≈≈',,*,*,,**,,≈≈≈≈≈≈≈≈≈≈≈≈≈≈


You could see a balrug, a sun demon, a hellion and 2 efreet.

Vanquished Creatures
  the Royal Jelly (Slime:5)
  the Serpent of Hell (Geh:7)
  2 orbs of fire (Zot:2)
  3 ancient liches
  Sojobo (Vaults:3)
  Frederick (Depths:5)
  A caustic shrike (Depths:4)
  Bai Suzhen (Snake:4)
  2 curse toes (Zot:4)
  Geryon (Hell)
  The ghost of Zoalos the Devastator, a veteran GrEE of Lugonu (Crypt:1)
  8 golden dragons
  The ghost of p0werm0de the Champion of Chaos, an adept DDFi of Makhleb (Zot:1)
  3 bone dragons
  Jorgrun (Orc:1)
  The ghost of Muvus the Executioner, an adept DsFi of Uskayaw (Vaults:1)
  8 Brimstone Fiends
  2 deep elf blademasters (Elf:3)
  10 tentacled monstrosities
  The ghost of inmateoo the Brawler, an adept DrTm of Cheibriados (Vaults:1)
  2 deep elf master archers (Elf:3)
  5 quicksilver dragons
  26 acid blobs
  9 death cobs
  8 liches
  5 sphinxes
  Frances (Swamp:2)
  Agnes (Elf:2)
  Kirke (Elf:1)
  A tentacled starspawn (Abyss:2)
  7 tengu reavers
  7 ancient champions
  4 thorn hunters
  5 shadow dragons
  14 azure jellies
  9 nagarajas
  8 storm dragons
  5 revenants
  5 draconian monks
  14 fire giants
  An orc warlord (Orc:2)
  Aizul (Snake:1)
  8 deep elf sorcerers
  Louise (Snake:4)
  A ghost moth (Zot:2)
  2 caustic shrike zombies
  8 frost giants
  3 draconian scorchers
  2 draconian knights (Zot:1)
  7 vault wardens
  2 draconian shifters
  6 balrugs
  10 ghouls
  A juggernaut zombie (Hell)
  A curse skull (Crypt:2)
  6 draconian stormcallers
  14 reapers
  2 entropy weavers (Vaults:4)
  2 spriggan defenders
  10 ironheart preservers
  5 deep elf elementalists
  5 draconian annihilators
  29 very ugly things
  3 war gargoyles
  21 stone giants
  7 green draconians
  11 white draconians
  3 lorocyprocas
  5 vampire knights
  6 deep elf demonologists
  12 black draconians
  A dire elephant (Lair:6)
  21 purple draconians
  Azrael (Snake:1)
  8 spark wasps
  A minotaur (Gauntlet)
  11 deep elf annihilators
  15 yellow draconians
  Josephine (D:13)
  8 red draconians
  13 ettins
  9 statues (WizLab)
  7 deep elf death magi
  10 eidola
  2 blizzard demons
  A quicksilver dragon zombie (Geh:3)
  A mummy priest (Hell)
  A merfolk javelineer (Depths:4)
  9 yaktaur captains
  9 death oozes
  18 great orbs of eyes
  14 fire dragons
  12 jiangshi
  A quicksilver dragon skeleton (Geh:5)
  2 deep elf high priests (Elf:3)
  Fannar (Lair:2)
  The ghost of Swippen the Severer, a journeyman MiBe of Trog (D:10)
  2 vault guards (Vaults:4)
  27 hydras
  4 rakshasas
  19 naga warriors
  A hell beast (Depths:1)
  2 ghost crabs (Swamp:3)
  13 ice dragons
  18 centaur warriors
  5 shambling mangroves
  10 anacondas
  4 spriggan air magi
  14 alligators
  A death knight (Crypt:1)
  A merfolk avatar (Lair:6)
  25 two-headed ogres
  14 dancing weapons
  12 deep troll earth magi
  10 ogre magi
  3 deep troll shamans
  8 death yaks (Lair:6)
  2 queen ants (shapeshifter) (Depths:4)
  2 tengu warriors (Depths:4)
  35 hell hogs
  12 vampire magi
  6 orc high priests (Orc:2)
  18 naga sharpshooters
  5 titan zombies
  2 thrashing horrors (Abyss:2)
  17 deep elf knights
  2 spriggan berserkers
  4 shock serpents
  3 storm dragon zombies
  An iron troll (Depths:1)
  16 sun demons
  6 soul eaters
  5 iron golems
  7 shadow wraiths
  A spectral anaconda (Depths:2)
  3 titan skeletons
  A salamander mystic (Snake:4)
  64 hell knights
  2 sea snakes (Lair:6)
  A sixfirhy (Depths:5)
  2 storm dragon skeletons
  3 unseen horrors
  2 golden dragon zombies (Hell)
  An entropy weaver zombie (Crypt:1)
  An infernal demonspawn (Depths:5)
  20 deep trolls
  5 spriggan druids
  A gelid demonspawn (Depths:3)
  8 glowing orange brains
  56 skeletal warriors
  2 obsidian statues
  An iron giant zombie (Crypt:2)
  2 anaconda zombies
  A spectral hydra (Depths:2)
  11 swamp dragons
  8 orc knights
  11 wizards (D:12)
  18 deep elf archers
  2 death drakes (Depths:2)
  2 orange crystal statues (Depths:2)
  7 naga ritualists
  3 lindwurms (Swamp:4)
  12 phantasmal warriors
  3 golden dragon skeletons
  12 necromancers
  9 flayed ghosts
  12 ironbrand convokers
  An orb spider (shapeshifter) (Depths:3)
  4 anaconda skeletons
  4 harpies (Vaults:4)
  2 shadow dragon zombies
  2 wolf spider zombies
  82 deep elf magi
  10 mana vipers
  51 ugly things
  5 stone giant zombies
  4 human zombies
  3 shadow dragon skeletons
  2 orc sorcerers (Orc:2)
  4 frost giant zombies
  3 iron dragon skeletons
  3 iron dragon zombies
  4 oklob plants (Lair:6)
  4 fire giant zombies
  6 cyclopes
  A wolf spider (Vaults:1)
  24 moths of wrath
  9 salamanders
  2 manticores
  32 black mambas
  5 guardian serpents
  4 dire elephant zombies
  4 fire giant skeletons
  89 slime creatures
  A guardian serpent (shapeshifter) (Elf:1)
  19 vault sentinels
  16 spiny frogs
  12 rust devils
  A minotaur zombie (Geh:6)
  A molten gargoyle (Geh:3)
  A gargoyle (D:10)
  27 naga magi
  A white draconian zombie (Geh:6)
  A torpor snail (Lair:6)
  6 smoke demons
  An orange demon (Depths:1)
  2 centaur skeletons
  A dire elephant skeleton (Geh:6)
  3 kobold demonologists
  2 yaktaur zombies (Hell)
  4 tormentors
  5 freezing wraiths
  9 hellions
  8 komodo dragons
  5 rime drakes
  48 yaktaurs
  3 efreet
  4 human skeletons
  2 ice devils
  A jumping spider (shapeshifter) (Depths:3)
  A white draconian skeleton (Crypt:3)
  5 tengu conjurers
  A green draconian skeleton (Crypt:2)
  8 trolls
  5 hydra zombies
  20 red devils
  26 hornets
  12 polar bears
  5 tyrant leeches
  A wind drake (D:12)
  11 blink frogs
  2 jumping spiders (Vaults:4)
  A hornet (shapeshifter) (D:13)
  A catoblepas skeleton (Geh:5)
  A wolf spider simulacrum (Crypt:1)
  3 ice dragon zombies
  A blink frog (shapeshifter) (Vaults:4)
  4 hydra skeletons
  8 bog bodies
  2 ettin zombies
  A raiju (Depths:2)
  A spriggan zombie (Hell)
  2 harpy skeletons (Crypt:3)
  3 fire dragon zombies
  36 flying skulls
  12 hippogriffs
  The ghost of nihilominus the Sneak, an amateur OpWz of Vehumet (D:5)
  17 spriggans
  An air elemental (Elf:1)
  3 ice dragon skeletons
  31 yaks
  A redback (shapeshifter) (Depths:3)
  15 water elementals
  4 fire dragon skeletons
  6 vampires
  A black mamba zombie (Crypt:1)
  8 fire bats
  29 wraiths
  2 wyverns
  4 ettin skeletons
  16 shadows
  A ynoxinul (Depths:5)
  A yak (shapeshifter) (Depths:2)
  2 alligator skeletons
  7 redbacks
  28 fire elementals
  3 hogs (Elf:1)
  A large abomination (Abyss:2)
  A yaktaur simulacrum (Vaults:3)
  10 golden eyes (Slime:3)
  3 basilisks
  4 hungry ghosts
  A wind drake skeleton (Crypt:2)
  9 vampire mosquitoes
  4 neqoxecs
  16 wargs
  An infernal demonspawn zombie (Crypt:2)
  17 swamp worms
  7 insubstantial wisps
  A monstrous demonspawn zombie (Geh:5)
  9 small abominations
  3 acid dragons
  55 nagas
  A soldier ant (D:15)
  15 water moccasins
  22 hell hounds
  A water nymph skeleton (Crypt:1)
  3 floating eyes
  4 spectral trolls (Depths:2)
  A faun skeleton (Crypt:1)
  4 spectral spriggans (Depths:2)
  5 spiny frog zombies
  A hydra simulacrum (Crypt:1)
  4 porcupines
  10 swamp drakes
  5 eyes of draining
  36 orc warriors
  4 ice beasts
  4 sky beasts
  7 black bears (Lair:2)
  3 spiny frog skeletons
  An elephant zombie (Lair:3)
  3 elf zombies
  An ice beast (shapeshifter) (Vaults:3)
  3 snapping turtle zombies
  An alligator simulacrum (Hell)
  26 ogres
  10 necrophages
  10 phantoms
  A blink frog skeleton (Crypt:1)
  5 snapping turtle skeletons
  12 wolves
  22 centaurs
  A dream sheep skeleton (Crypt:2)
  18 crocodiles
  3 big kobolds
  A big kobold (shapeshifter) (Vaults:3)
  A komodo dragon zombie (Lair:3)
  20 bullfrogs
  4 gnoll sergeants
  An earth elemental (Elf:2)
  A spiny frog simulacrum (Hell)
  A merfolk simulacrum (Depths:2)
  A wyvern skeleton (D:14)
  2 troll zombies
  6 scorpions
  A hornet simulacrum (D:15)
  12 killer bees
  A cyclops skeleton (Crypt:3)
  A shapeshifter zombie (Crypt:2)
  A human simulacrum (Vaults:3)
  51 wights
  3 spectral ogres (Depths:2)
  2 spectral nagas (Depths:2)
  10 howler monkeys
  A wolf zombie (Crypt:3)
  A spectral centaur (Depths:2)
  10 electric eels
  13 crimson imps
  5 bullfrog zombies
  6 starcursed masses (Abyss:2)
  5 centaur zombies
  2 hounds
  6 quasits
  A bullfrog skeleton (D:12)
  6 jellies
  A black bear zombie (Crypt:3)
  35 orc priests
  A gnoll shaman (D:5)
  9 iron imps
  9 iguanas
  24 orc wizards
  4 worker ants
  A killer bee zombie (D:6)
  7 ogre zombies (D:9)
  A naga zombie (Geh:1)
  An acid dragon zombie (Crypt:3)
  2 centaur simulacra (Depths:2)
  A crocodile zombie (Lair:3)
  2 hound zombies
  A hound skeleton (D:6)
  A howler monkey zombie (Crypt:3)
  Robin (D:3)
  3 worker ant zombies
  2 howler monkey skeletons
  9 adders
  24 gnolls
  7 shadow imps
  3 white imps (Depths:1)
  An ufetubus (Depths:5)
  3 oozes
  A worm (D:4)
  A barachi zombie (Crypt:2)
  A dart slug (D:3)
  7 leopard geckos
  110 orcs
  6 giant cockroaches
  11 goblins
  5 hobgoblins
  9 jackals
  24 kobolds
  6 quokkas
  8 bats
  8 frilled lizards
  A frilled lizard skeleton (Crypt:2)
  A giant cockroach zombie (Crypt:2)
  5 goblin skeletons
  6 goblin zombies
  2 hobgoblin skeletons (D:9)
  6 hobgoblin zombies
  2 kobold skeletons
  A kobold zombie (Geh:4)
  3 orc skeletons
  13 orc zombies
  3 rats
  A rat skeleton (Crypt:1)
  A block of ice (Geh:7)
  2 briar patches (Swamp:3)
  2 crawling corpses
  4 plants (Depths:2)
  14 spectral weapons
3067 creatures vanquished.

Vanquished Creatures (collateral kills)
  2 acid blobs (Slime:5)
  A shining eye (Slime:5)
  An eye of devastation (Slime:5)
  A slime creature (Slime:5)
  A swamp drake (Swamp:4)
  A shadow imp (D:11)
7 creatures vanquished.

Vanquished Creatures (others)
  2 fire giants
  A draconian knight (Zot:4)
  A ghost moth (Zot:1)
  3 hell hogs (Geh:7)
  A deep elf knight (Elf:2)
  An anaconda skeleton (Geh:7)
  A deep elf mage (WizLab)
  A naga mage (Snake:4)
  A fire giant skeleton (Geh:2)
  A tormentor (Geh:4)
  2 yaktaurs
  A hornet (Swamp:3)
  A human (Elf:1)
  A wraith (Geh:1)
  A naga (Snake:4)
  A merfolk skeleton (Geh:6)
  An eye of draining (shapeshifter) (Elf:1)
  3 necrophages
  An orc (Orc:2)
  20 blocks of ice
  A bush (Lair:6)
  8 fire vortices (Hell)
  23 fungi
  40 plants
  67 spectral weapons
  9 starspawn tentacles (Abyss:2)
  4 toadstools (D:9)
197 creatures vanquished.

Grand Total: 3271 creatures vanquished

Notes
Turn   | Place    | Note
-------+----------+-------------------------------------------
     0 | D:1      | inmateoo the Gnoll Skald began the quest for the Orb.
     0 | D:1      | Reached XP level 1. HP: 20/20 MP: 6/6
   318 | D:1      | Reached XP level 2. HP: 26/26 MP: 7/7
   824 | D:1      | Reached XP level 3. HP: 31/31 MP: 9/9
   890 | D:2      | Reached skill level 5 in Spellcasting
   921 | D:2      | Learned a level 2 spell: Song of Slaying
   924 | D:2      | Learned a level 2 spell: Shroud of Golubria
  1457 | D:2      | Reached skill level 1 in Invocations
  1545 | D:2      | Reached skill level 1 in Short Blades
  1545 | D:2      | Reached skill level 1 in Long Blades
  1545 | D:2      | Reached skill level 1 in Axes
  1545 | D:2      | Reached skill level 1 in Maces & Flails
  1545 | D:2      | Reached skill level 1 in Staves
  1545 | D:2      | Reached skill level 1 in Slings
  1545 | D:2      | Reached skill level 1 in Bows
  1545 | D:2      | Reached skill level 1 in Crossbows
  1545 | D:2      | Reached skill level 1 in Throwing
  1545 | D:2      | Reached skill level 1 in Stealth
  1545 | D:2      | Reached skill level 1 in Shields
  1545 | D:2      | Reached skill level 1 in Unarmed Combat
  1545 | D:2      | Reached skill level 1 in Evocations
  1545 | D:2      | Reached XP level 4. HP: 38/38 MP: 3/11
  1750 | D:2      | Reached skill level 1 in Conjurations
  1750 | D:2      | Reached skill level 1 in Hexes
  1750 | D:2      | Reached skill level 1 in Summonings
  1750 | D:2      | Reached skill level 1 in Necromancy
  1750 | D:2      | Reached skill level 1 in Translocations
  1750 | D:2      | Reached skill level 1 in Transmutations
  1750 | D:2      | Reached skill level 1 in Fire Magic
  1750 | D:2      | Reached skill level 1 in Ice Magic
  1750 | D:2      | Reached skill level 1 in Air Magic
  1750 | D:2      | Reached skill level 1 in Earth Magic
  1750 | D:2      | Reached skill level 1 in Poison Magic
  1941 | D:2      | Reached XP level 5. HP: 37/43 MP: 4/12
  1961 | D:2      | Reached skill level 3 in Armour
  2468 | D:3      | Noticed Robin
  2625 | D:3      | Killed Robin
  3040 | D:3      | Reached XP level 6. HP: 50/50 MP: 13/13
  3217 | D:4      | Found a staircase to the Ecumenical Temple.
  3284 | Temple   | Entered the Ecumenical Temple
  3543 | D:4      | Found a blossoming altar of Fedhas.
  3618 | D:4      | Reached skill level 5 in Fighting
  3618 | D:4      | Reached skill level 5 in Polearms
  3618 | D:4      | Reached skill level 5 in Dodging
  3814 | D:4      | You fall into a shaft and drop 1 floor!
  3814 | D:5      | Entered Level 5 of the Dungeon
  3961 | D:5      | Reached XP level 7. HP: 54/56 MP: 15/15
  4137 | D:5      | Found a transporter.
  4249 | D:5      | Found a transporter.
  4250 | D:5      | Identified the +11 spear "Liseana" {venom, rPois Str+4}
  4286 | D:5      | Noticed nihilominus's ghost (amateur OpWz)
  4497 | D:6      | Found an opulent altar of Gozag.
  4497 | D:6      | Found a shattered altar of Ashenzari.
  4497 | D:6      | Found a white marble altar of Elyvilon.
  4497 | D:6      | Found a snail-covered altar of Cheibriados.
  4504 | D:6      | Became a worshipper of Cheibriados the Contemplative
  4541 | D:6      | Found a sacrificial altar of Ru.
  4679 | D:6      | Reached XP level 8. HP: 43/63 MP: 7/16
  4917 | D:6      | Reached * piety under Cheibriados
  5076 | D:6      | Reached skill level 4 in Armour
  5519 | D:6      | Found an ornate altar of the Wu Jian Council.
  5560 | D:6      | Found a bloodstained altar of Trog.
  5642 | D:7      | Reached XP level 9. HP: 55/69 MP: 18/18
  5890 | D:7      | Learned a level 3 spell: Spectral Weapon
  6022 | D:7      | Found a glowing golden altar of the Shining One.
  6061 | D:7      | Reached ** piety under Cheibriados
  6249 | D:7      | Reached skill level 5 in Armour
  6507 | D:7      | Found a shadowy altar of Dithmenos.
  6765 | D:7      | Reached *** piety under Cheibriados
  7118 | D:8      | Reached skill level 5 in Invocations
  7452 | D:8      | Reached XP level 10. HP: 77/77 MP: 20/20
  7485 | D:8      | Found a stormy altar of Qazlal.
  7783 | D:8      | Reached **** piety under Cheibriados
  7836 | D:8      | Found an iron altar of Okawaru.
  7837 | D:8      | Found a bloodstained altar of Trog.
  7846 | D:8      | Learned a level 5 spell: Blade Hands
  8104 | D:8      | Found a stormy altar of Qazlal.
  8174 | D:9      | Reached skill level 5 in Short Blades
  8174 | D:9      | Reached skill level 5 in Long Blades
  8174 | D:9      | Reached skill level 5 in Axes
  8174 | D:9      | Reached skill level 5 in Maces & Flails
  8174 | D:9      | Reached skill level 5 in Staves
  8174 | D:9      | Reached skill level 5 in Slings
  8174 | D:9      | Reached skill level 5 in Bows
  8174 | D:9      | Reached skill level 5 in Crossbows
  8174 | D:9      | Reached skill level 5 in Throwing
  8174 | D:9      | Reached skill level 5 in Stealth
  8174 | D:9      | Reached skill level 5 in Shields
  8174 | D:9      | Reached skill level 5 in Unarmed Combat
  8174 | D:9      | Reached skill level 5 in Evocations
  8526 | D:9      | Found a sacrificial altar of Ru.
  8607 | D:9      | Found a staircase to the Orcish Mines.
  8939 | D:9      | Reached ***** piety under Cheibriados
  9021 | D:9      | Found a glowing golden altar of the Shining One.
  9147 | D:9      | Reached skill level 6 in Armour
  9265 | D:10     | Entered Level 10 of the Dungeon
  9265 | D:10     | Found Ucledit's Distillery.
  9269 | D:10     | Noticed a white ugly thing
  9628 | D:10     | Found Uprol's Armour Shoppe.
  9631 | D:10     | Bought the +0 pair of gloves of the Doldrums {rPois} for
                  | 204 gold pieces
  9631 | D:10     | Bought a +2 cloak for 214 gold pieces
  9631 | D:10     | Bought a +2 hat for 208 gold pieces
  9722 | D:10     | Noticed a gargoyle
  9735 | D:10     | Killed a gargoyle
  9735 | D:10     | Reached XP level 11. HP: 71/84 MP: 6/22
  9857 | D:10     | Found a runed translucent gate.
  9857 | D:10     | Identified the +9 plate armour of Juicu {Str+3 Dex+5
                  | Slay-4}
  9857 | D:10     | Noticed Swippen's ghost (journeyman MiBe)
  9882 | D:10     | Found Horur's Food Shop.
 10051 | D:5      | Killed nihilominus's ghost
 10506 | D:10     | Killed a white ugly thing
 10506 | D:10     | Reached ****** piety under Cheibriados
 10805 | D:10     | Found a runed translucent gate.
 10805 | D:10     | Found a runed translucent gate.
 11020 | D:10     | Found a roughly hewn altar of Beogh.
 11042 | D:11     | Found a staircase to the Lair.
 11064 | D:11     | Noticed a manticore
 11074 | D:11     | Killed a manticore
 11074 | D:11     | Reached skill level 5 in Conjurations
 11074 | D:11     | Reached skill level 5 in Hexes
 11074 | D:11     | Reached skill level 5 in Summonings
 11074 | D:11     | Reached skill level 5 in Necromancy
 11074 | D:11     | Reached skill level 5 in Translocations
 11074 | D:11     | Reached skill level 5 in Transmutations
 11074 | D:11     | Reached skill level 5 in Fire Magic
 11074 | D:11     | Reached skill level 5 in Ice Magic
 11074 | D:11     | Reached skill level 5 in Air Magic
 11074 | D:11     | Reached skill level 5 in Earth Magic
 11074 | D:11     | Reached skill level 5 in Poison Magic
 11121 | D:11     | Noticed a four-headed hydra
 11127 | D:11     | Killed a four-headed hydra
 11221 | D:11     | Reached skill level 7 in Armour
 11243 | D:11     | Noticed a brown ugly thing
 11243 | D:11     | Noticed a cyclops
 11268 | D:11     | Killed a brown ugly thing
 11271 | D:11     | Killed a cyclops
 11960 | D:12     | Noticed Nessos
 11962 | D:12     | Noticed Nessos
 11962 | D:12     | Nessos changed into Nessos the wind drake
 11975 | D:12     | Killed Nessos the wind drake
 12044 | D:12     | Noticed a four-headed hydra
 12054 | D:12     | Killed a four-headed hydra
 12057 | D:12     | Got a warped morningstar
 12058 | D:12     | Identified the cursed +1 morningstar of Jeptuz {drain,
                  | rElec} (You found it on level 12 of the Dungeon)
 12068 | D:12     | Found a corrupted altar of Lugonu.
 12131 | D:12     | Noticed a wizard
 12131 | D:12     | Noticed a wizard
 12131 | D:12     | Noticed a wizard
 12133 | D:12     | Killed a wizard
 12133 | D:12     | Reached XP level 12. HP: 93/93 MP: 18/24
 12133 | D:12     | Cast into level 2 of the Abyss (a wizard)
 12133 | Abyss:2  | Found a corrupted altar of Lugonu.
 12146 | Abyss:2  | Noticed a thrashing horror
 12155 | Abyss:2  | Killed a thrashing horror
 12155 | Abyss:2  | Reached skill level 8 in Armour
 12216 | Abyss:2  | Noticed a starcursed mass
 12221 | Abyss:2  | Paralysed by accursed screaming for 1 turns
 12315 | Abyss:2  | Noticed a tentacled starspawn
 12315 | Abyss:2  | Gained mutation: You are dopey. (Int -2) [a neqoxec]
 12317 | Abyss:2  | Noticed a tentacled starspawn
 12341 | Abyss:2  | Killed a tentacled starspawn
 12347 | Abyss:2  | Noticed a thrashing horror
 12586 | Abyss:2  | Gained mutation: You are very dopey. (Int -4) [a neqoxec]
 12648 | Abyss:2  | Noticed a thrashing horror
 12664 | Abyss:2  | Killed a thrashing horror
 12675 | D:12     | Escaped the Abyss
 12678 | D:12     | Reached skill level 9 in Armour
 12791 | D:12     | Noticed an ogre mage
 12806 | D:12     | Killed an ogre mage
 12960 | D:12     | Reached XP level 13. HP: 101/101 MP: 26/26
 12964 | D:12     | Got an ancient cloak
 12975 | D:12     | Identified the +4 cloak of Piomong {Harm} (You found it on
                  | level 12 of the Dungeon)
 13019 | D:12     | Noticed an ogre mage
 13026 | D:12     | Killed an ogre mage
 13165 | D:12     | Found a portal to a secret trove of treasure.
 13308 | D:12     | Paralysed by a wizard for 3 turns
 13434 | D:12     | Reached skill level 10 in Armour
 14241 | D:13     | Noticed Josephine
 14321 | D:13     | Killed Josephine
 14494 | D:13     | Identified the Guide on Toxins and the Glacier
 14785 | D:13     | Noticed a fire dragon
 14817 | D:13     | Killed a fire dragon
 14845 | D:13     | Found a gate to the Vaults.
 15167 | D:14     | Reached skill level 10 in Spellcasting
 15171 | D:14     | Reached XP level 14. HP: 77/109 MP: 16/28
 15298 | D:14     | Reached skill level 11 in Armour
 15519 | D:14     | You fall into a shaft and drop 1 floor!
 15519 | D:15     | Entered Level 15 of the Dungeon
 15553 | D:15     | Reached skill level 10 in Fighting
 15553 | D:15     | Reached skill level 10 in Polearms
 15553 | D:15     | Reached skill level 10 in Dodging
 15842 | D:15     | Found a sparkling altar of Nemelex Xobeh.
 16002 | D:15     | Reached skill level 10 in Invocations
 16067 | D:15     | Found a staircase to the Depths.
 16528 | D:14     | Found Urhurae's Blood Bar.
 16906 | Lair:1   | Entered Level 1 of the Lair of Beasts
 17646 | Lair:2   | Reached skill level 12 in Armour
 17657 | Lair:2   | Found a staircase to the Swamp.
 17722 | Lair:2   | Noticed Sonja
 17723 | Lair:2   | Noticed Sonja
 17723 | Lair:2   | Sonja changed into Sonja the spiny frog
 17731 | Lair:2   | Killed Sonja the spiny frog
 18006 | Lair:2   | Reached XP level 15. HP: 108/117 MP: 24/29
 18094 | Lair:2   | Noticed Fannar
 18111 | Lair:2   | Killed Fannar
 19134 | Lair:3   | Found a staircase to the Snake Pit.
 20089 | Lair:5   | Found a snail-covered altar of Cheibriados.
 20150 | Lair:5   | Found a dark tunnel.
 20159 | Volcano  | Entered a volcano
 20667 | Lair:5   | Reached skill level 10 in Charms
 21104 | Lair:6   | Entered Level 6 of the Lair of Beasts
 21165 | Lair:6   | Reached skill level 10 in Short Blades
 21165 | Lair:6   | Reached skill level 10 in Long Blades
 21165 | Lair:6   | Reached skill level 10 in Axes
 21165 | Lair:6   | Reached skill level 10 in Maces & Flails
 21165 | Lair:6   | Reached skill level 10 in Staves
 21165 | Lair:6   | Reached skill level 10 in Slings
 21165 | Lair:6   | Reached skill level 10 in Bows
 21165 | Lair:6   | Reached skill level 10 in Crossbows
 21165 | Lair:6   | Reached skill level 10 in Throwing
 21165 | Lair:6   | Reached skill level 10 in Stealth
 21165 | Lair:6   | Reached skill level 10 in Shields
 21165 | Lair:6   | Reached skill level 10 in Unarmed Combat
 21165 | Lair:6   | Reached skill level 10 in Evocations
 21216 | Lair:6   | Found a gate leading to a gauntlet.
 21241 | Gauntlet | Entered a Gauntlet
 21241 | Gauntlet | Found a transporter.
 21241 | Gauntlet | Found a transporter.
 21251 | Gauntlet | Found a transporter.
 21254 | Gauntlet | Found a transporter.
 21262 | Gauntlet | Found a transporter.
 21265 | Gauntlet | Found a transporter.
 21273 | Gauntlet | Found a transporter.
 21291 | Gauntlet | Found a transporter.
 21299 | Gauntlet | Found a transporter.
 21299 | Gauntlet | Found a transporter.
 21309 | Gauntlet | Found a transporter.
 21312 | Gauntlet | Found a transporter.
 21503 | Gauntlet | Identified the Papyrus of the Creative Snowflakes
 21609 | Gauntlet | Identified Sif Muna's Grimoire of Decompression
 21613 | Gauntlet | Reached skill level 13 in Armour
 21613 | Gauntlet | Reached XP level 16. HP: 125/125 MP: 31/31
 21727 | Lair:6   | Found the +2 shield of Resistance {rF+ rC+ MR+}
 22068 | Lair:6   | Found a staircase to the Slime Pits.
 22236 | Lair:6   | Reached XP level 17. HP: 68/131 MP: 17/32
 22878 | Lair:6   | Identified the +8 mace of Ascent {freeze, Str+3 Dex+2} (You
                  | found it on level 6 of the Lair of Beasts)
 23102 | Orc:1    | Entered Level 1 of the Orcish Mines
 23104 | Orc:1    | Noticed Jorgrun
 23105 | Orc:1    | Found Xegap's General Store.
 23123 | Orc:1    | Killed Jorgrun
 23385 | Orc:1    | Bought a potion of might for 44 gold pieces
 23435 | Orc:1    | You fall into a shaft and drop 1 floor!
 23435 | Orc:2    | Entered Level 2 of the Orcish Mines
 23474 | Orc:1    | Found Mirhipri's Antique Weapon Shoppe.
 23548 | Orc:1    | Lost mutation: You are very dopey. (Int -4) [potion of
                  | mutation]
 23548 | Orc:1    | Lost mutation: You are dopey. (Int -2) [potion of mutation]
 23548 | Orc:1    | Gained mutation: You are resistant to hostile enchantments.
                  | (MR+) [potion of mutation]
 23548 | Orc:1    | Gained mutation: You are surrounded by a mild repulsion
                  | field. (EV +2) [potion of mutation]
 23595 | Orc:1    | Found a bloodstained altar of Trog.
 23665 | Orc:1    | Found Xuseox's Distillery.
 23667 | Orc:1    | Found Cabi's General Store.
 23676 | Orc:1    | Bought a potion of resistance for 130 gold pieces
 23863 | Orc:2    | Found a staircase to the Elven Halls.
 24601 | Orc:2    | Found Amis Engo's Jewellery Emporium.
 24601 | Orc:2    | Found Qaukhlud's General Store.
 24606 | Orc:2    | Bought an uncursed amulet of regeneration for 390 gold
                  | pieces
 24619 | Orc:2    | Found a bloodstained altar of Trog.
 24655 | Orc:2    | Bought a scroll of teleportation for 33 gold pieces
 24664 | Orc:2    | Found a roughly hewn altar of Beogh.
 24693 | Orc:2    | Found Lukhetzo's Weapon Emporium.
 24693 | Orc:2    | Found Leaninlu's General Store.
 24701 | Orc:2    | Bought a potion of curing for 42 gold pieces
 25228 | Orc:1    | Bought a potion of curing for 39 gold pieces
 25228 | Orc:1    | Bought a potion of cancellation for 104 gold pieces
 25228 | Orc:1    | Bought 2 potions of curing for 78 gold pieces
 25228 | Orc:1    | Bought a potion of curing for 39 gold pieces
 25228 | Orc:1    | Bought a potion of cancellation for 104 gold pieces
 25228 | Orc:1    | Bought a potion of might for 52 gold pieces
 25228 | Orc:1    | Bought a potion of heal wounds for 65 gold pieces
 25228 | Orc:1    | Bought a potion of cancellation for 104 gold pieces
 25228 | Orc:1    | Bought a potion of curing for 39 gold pieces
 25233 | Orc:1    | Bought a potion of mutation for 112 gold pieces
 25273 | Orc:2    | Bought a potion of brilliance for 44 gold pieces
 25273 | Orc:2    | Bought a book of Spatial Translocations for 715 gold pieces
 25338 | D:10     | Bought a potion of heal wounds for 80 gold pieces
 25338 | D:10     | Bought a potion of resistance for 160 gold pieces
 25338 | D:10     | Bought a potion of curing for 48 gold pieces
 25338 | D:10     | Bought a potion of curing for 48 gold pieces
 25338 | D:10     | Bought a potion of curing for 48 gold pieces
 25423 | Swamp:1  | Entered Level 1 of the Swamp
 25675 | Swamp:1  | Reached skill level 14 in Armour
 26188 | Swamp:1  | Learned a level 2 spell: Blink
 26193 | Swamp:1  | Learned a level 4 spell: Passage of Golubria
 26200 | Swamp:1  | Learned a level 6 spell: Freezing Cloud
 26485 | Swamp:2  | Noticed Frances
 26499 | Swamp:2  | Killed Frances
 26920 | Swamp:2  | You fall into a shaft and drop 1 floor!
 27868 | Swamp:3  | Identified 2 scrolls of acquirement
 27871 | Swamp:3  | Got the ring "Tegrasao" {+Fly rPois Dex-3 SInv Stlth+}
 27934 | Swamp:3  | Reached XP level 18. HP: 140/140 MP: 31/34
 28297 | Swamp:4  | Entered Level 4 of the Swamp
 29045 | Swamp:4  | Reached skill level 15 in Armour
 29062 | Swamp:4  | Reached skill level 10 in Conjurations
 29062 | Swamp:4  | Reached skill level 10 in Hexes
 29062 | Swamp:4  | Reached skill level 10 in Summonings
 29062 | Swamp:4  | Reached skill level 10 in Necromancy
 29062 | Swamp:4  | Reached skill level 10 in Translocations
 29062 | Swamp:4  | Reached skill level 10 in Transmutations
 29062 | Swamp:4  | Reached skill level 10 in Fire Magic
 29062 | Swamp:4  | Reached skill level 10 in Ice Magic
 29062 | Swamp:4  | Reached skill level 10 in Air Magic
 29062 | Swamp:4  | Reached skill level 10 in Earth Magic
 29062 | Swamp:4  | Reached skill level 10 in Poison Magic
 29361 | Swamp:4  | Got a decaying rune of Zot
 30109 | Snake:1  | Entered Level 1 of the Snake Pit
 30158 | Snake:1  | Noticed Aizul
 30181 | Snake:1  | Killed Aizul
 30202 | Snake:1  | Noticed Azrael
 30215 | Snake:1  | Killed Azrael
 30365 | Snake:1  | Found Lofretoi's Armour Shoppe.
 31240 | Snake:2  | Reached XP level 19. HP: 116/148 MP: 26/35
 32750 | Snake:3  | Found Vuzxiop's Armour Shop.
 32761 | Snake:3  | Bought a scarf of resistance for 544 gold pieces
 33061 | Snake:4  | Entered Level 4 of the Snake Pit
 33146 | Snake:4  | Reached skill level 16 in Armour
 33581 | Snake:4  | HP: 7/149 [spectral weapon collision (22)]
 33581 | Snake:4  | HP: 3/149 [nagaraja (4)]
 33583 | Snake:4  | HP: 1/149 [nagaraja (3)]
 33589 | Snake:4  | Noticed Bai Suzhen
 33877 | Snake:4  | Noticed Louise
 33888 | Snake:4  | Killed Louise
 34066 | Snake:4  | Killed Bai Suzhen
 34295 | Snake:4  | Reached XP level 20. HP: 122/156 MP: 33/37
 34741 | Snake:4  | Got a serpentine rune of Zot
 34991 | Snake:4  | Found Besmic's Jewellery Shop.
 34991 | Snake:4  | Found Zutam's Gadget Shoppe.
 34992 | Snake:4  | Found Maidimor's Gadget Shoppe.
 34999 | Snake:4  | Bought the ring of Ziufrink {rElec rF+ rC+ rN+ Str+2 Dex-2}
                  | for 1004 gold pieces
 35055 | Snake:4  | Bought a box of beasts for 340 gold pieces
 35275 | Vaults:1 | Entered Level 1 of the Vaults
 36766 | Vaults:1 | Found a large runed translucent door.
 36766 | Vaults:1 | Found a large runed translucent door.
 36766 | Vaults:1 | Noticed inmateoo's ghost (adept DrTm)
 36766 | Vaults:1 | Noticed Muvus's ghost (adept DsFi)
 37540 | Vaults:2 | Reached skill level 17 in Armour
 38051 | Vaults:2 | Reached XP level 21. HP: 110/164 MP: 30/39
 38985 | Vaults:3 | Found a magical portal.
 38988 | WizLab   | Entered Iskenderun's Mystic Tower
 39267 | WizLab   | Learned a level 5 spell: Lee's Rapid Deconstruction
 40609 | WizLab   | Identified the +0 cloak of the Gate {MR- Str+2 Int+4}
 40763 | WizLab   | Identified the Compendium of Protection and Poison
 40783 | WizLab   | Identified Iskenderun's Compendium of Attacks
 40783 | WizLab   | Identified Iskenderun's Reference Book on Attacks
 40787 | WizLab   | Learned a level 1 spell: Apportation
 41118 | Vaults:3 | Noticed Sojobo
 41134 | Vaults:3 | Killed Sojobo
 41449 | Vaults:3 | Found a staircase to the Crypt.
 41449 | Vaults:3 | Found an ancient bone altar of Kikubaaqudgha.
 41450 | Vaults:3 | Found a basalt altar of Yredelemnul.
 41468 | Vaults:3 | Found Tutemed's Antique Armour Emporium.
 41567 | Vaults:3 | Reached skill level 18 in Armour
 41581 | Vaults:3 | Got a clouded bone ring
 41582 | Vaults:3 | Identified the ring of the Centipede {rCorr Stlth+} (You
                  | found it on level 3 of the Vaults)
 42434 | Vaults:4 | Reached skill level 15 in Invocations
 42435 | Vaults:4 | Reached XP level 22. HP: 130/173 MP: 32/40
 44046 | Depths:1 | Entered Level 1 of the Depths
 44308 | Depths:1 | Found a runed translucent door.
 44506 | Depths:1 | Identified the +9 quarterstaff of Circularity {elec, rElec}
 44519 | Depths:1 | Found a gateway to Hell.
 44654 | Depths:1 | Reached skill level 15 in Spellcasting
 44804 | Depths:1 | Found a one-way gate to the infinite horrors of the Abyss.
 45274 | Depths:1 | Reached skill level 15 in Fighting
 45274 | Depths:1 | Reached skill level 15 in Polearms
 45274 | Depths:1 | Reached skill level 15 in Dodging
 45816 | Depths:3 | Found a one-way gate leading to the halls of Pandemonium.
 45817 | Depths:3 | Gained mutation: Scrolls take you a little longer to read.
                  | [a neqoxec]
 45828 | Depths:3 | Reached XP level 23. HP: 164/181 MP: 22/42
 45946 | Depths:3 | Reached skill level 19 in Armour
 46101 | Depths:3 | Noticed a golden dragon
 46119 | Depths:3 | Killed a golden dragon
 46927 | Depths:3 | Found a sparkling altar of Nemelex Xobeh.
 47218 | Depths:2 | Noticed an ancient lich
 47225 | Depths:2 | Killed an ancient lich
 47911 | Depths:2 | Reached skill level 15 in Short Blades
 47911 | Depths:2 | Reached skill level 15 in Long Blades
 47911 | Depths:2 | Reached skill level 15 in Axes
 47911 | Depths:2 | Reached skill level 15 in Maces & Flails
 47911 | Depths:2 | Reached skill level 15 in Staves
 47911 | Depths:2 | Reached skill level 15 in Slings
 47911 | Depths:2 | Reached skill level 15 in Bows
 47911 | Depths:2 | Reached skill level 15 in Crossbows
 47911 | Depths:2 | Reached skill level 15 in Throwing
 47911 | Depths:2 | Reached skill level 15 in Stealth
 47911 | Depths:2 | Reached skill level 15 in Shields
 47911 | Depths:2 | Reached skill level 15 in Unarmed Combat
 47911 | Depths:2 | Reached skill level 15 in Evocations
 48098 | Depths:2 | Identified the ring "Lolaleso" {*Drain Int+5 Slay+4}
 48163 | Depths:2 | Identified the +0 pair of gloves of Hopscotch {+Inv rF+
                  | Str-4} (You found it on level 2 of the Depths)
 48571 | Depths:2 | Learned a level 2 spell: Passwall
 48596 | Depths:2 | Learned a level 8 spell: Controlled Blink
 48698 | Depths:2 | Reached XP level 24. HP: 190/190 MP: 42/42
 48776 | Depths:4 | Reached XP level 25. HP: 109/196 MP: 37/42
 49089 | Depths:4 | Reached skill level 20 in Armour
 49433 | Depths:4 | Found a gateway to a bazaar.
 49952 | Depths:4 | Found a gateway to a ziggurat.
 50174 | Depths:5 | Entered Level 5 of the Depths
 50623 | Depths:5 | Found Rive's Changing Room.
 50634 | Depths:5 | Bought a book of Transfigurations for 660 gold pieces
 50641 | Depths:5 | Learned a level 6 spell: Statue Form
 51062 | Depths:5 | Found a gate to the Realm of Zot.
 51230 | Depths:5 | Found Plog's Antique Weapon Shop.
 51293 | Depths:5 | Reached XP level 26. HP: 205/205 MP: 41/43
 51306 | Depths:5 | Noticed Frederick
 51315 | Depths:5 | Killed Frederick
 51780 | Elf:1    | Entered Level 1 of the Elven Halls
 51801 | Elf:1    | Found a shimmering altar of Xom.
 51935 | Elf:1    | Identified the Collected Works on Attacks
 51990 | Elf:1    | Found Bevvasch's Antique Weapon Shop.
 52210 | Elf:1    | Noticed Kirke
 52219 | Elf:1    | Killed Kirke
 52708 | Elf:2    | Noticed Agnes
 52720 | Elf:2    | Killed Agnes
 53034 | Elf:2    | Found a runed translucent gate.
 53034 | Elf:2    | Found a runed translucent gate.
 53034 | Elf:2    | Found a runed translucent gate.
 53343 | Elf:3    | Entered Level 3 of the Elven Halls
 53386 | Elf:3    | Reached skill level 21 in Armour
 54159 | Elf:3    | Identified the +7 morningstar "Kakuczaf" {freeze, MR+ Str+4
                  | Dex-5}
 54454 | Elf:3    | Identified Gosyle's Guide on Supportive Boosts
 54502 | Elf:3    | Identified the +0 pair of gloves of Kaboppamm {rPois rCorr
                  | Str-3 Int+6} (You found it on level 3 of the Elven Halls)
 54996 | Slime:1  | Entered Level 1 of the Pits of Slime
 55282 | Slime:2  | Reached XP level 27. HP: 213/213 MP: 36/43
 55294 | Slime:2  | Reached skill level 15 in Charms
 55527 | Slime:5  | Entered Level 5 of the Pits of Slime
 55536 | Slime:5  | Learned a level 7 spell: Ring of Flames
 55574 | Slime:5  | Noticed the Royal Jelly
 55591 | Slime:5  | Killed the Royal Jelly
 55614 | Slime:5  | HP: 10/214 [acid (3)]
 55881 | Slime:5  | Got a sparkling steel ring
 55884 | Slime:5  | Identified the ring of Tudadgh {AC+4 Stlth+} (You found it
                  | on level 5 of the Pits of Slime)
 55890 | Slime:5  | Got Sif Muna's Grimoire of Displaced Creation
 55909 | Slime:5  | Got a slimy rune of Zot
 55967 | Slime:5  | Got a twitching ruby amulet
 55970 | Slime:5  | Identified the amulet of Rynuwomut {*Corrode +Fly rPois
                  | Regen+ Int+5} (You found it on level 5 of the Pits of
                  | Slime)
 56407 | Crypt:1  | Entered Level 1 of the Crypt
 56424 | Crypt:1  | Noticed an ancient lich
 56643 | Crypt:1  | Found a transporter.
 56847 | Crypt:1  | Noticed Zoalos's ghost (veteran GrEE)
 56872 | Crypt:1  | Found a transporter.
 57419 | Crypt:2  | Reached skill level 22 in Armour
 57435 | Crypt:2  | Reached skill level 15 in Necromancy
 58444 | Crypt:3  | Entered Level 3 of the Crypt
 58728 | Crypt:3  | Reached skill level 15 in Hexes
 58776 | Crypt:3  | Found a staircase to the Tomb.
 59209 | Crypt:3  | Found a basalt altar of Yredelemnul.
 59243 | Crypt:3  | Noticed an ancient lich
 59263 | Crypt:3  | Killed an ancient lich
 59813 | Crypt:3  | Learned a level 9 spell: Absolute Zero
 60197 | Zot:1    | Entered Level 1 of the Realm of Zot
 60342 | Zot:1    | Reached skill level 15 in Conjurations
 60342 | Zot:1    | Reached skill level 15 in Summonings
 60342 | Zot:1    | Reached skill level 15 in Translocations
 60342 | Zot:1    | Reached skill level 15 in Transmutations
 60342 | Zot:1    | Reached skill level 15 in Fire Magic
 60342 | Zot:1    | Reached skill level 15 in Ice Magic
 60342 | Zot:1    | Reached skill level 15 in Air Magic
 60342 | Zot:1    | Reached skill level 15 in Earth Magic
 60342 | Zot:1    | Reached skill level 15 in Poison Magic
 60789 | Zot:1    | Found a transporter.
 60876 | Zot:1    | Found the +3 pair of gauntlets of War {Slay+5}
 60876 | Zot:1    | Found a transporter.
 61036 | Zot:1    | Found a runed translucent door.
 61036 | Zot:1    | Found a shimmering altar of Xom.
 61036 | Zot:1    | Noticed p0werm0de's ghost (adept DDFi)
 61279 | Zot:1    | Killed p0werm0de's ghost
 61645 | Zot:1    | Identified the Handbook of Clay
 61648 | Zot:1    | Identified The Foundations of Sorcery
 61860 | Zot:2    | Reached skill level 23 in Armour
 62086 | Zot:2    | Noticed an orb of fire
 62087 | Zot:2    | Noticed an orb of fire
 62096 | Zot:2    | Gained mutation: Your body sometimes deteriorates upon
                  | taking damage. [an orb of fire]
 62098 | Zot:2    | Killed an orb of fire
 62104 | Zot:2    | Gained mutation: You are dopey. (Int -2) [an orb of fire]
 62105 | Zot:2    | Killed an orb of fire
 62123 | Zot:2    | You fall into a shaft and drop 2 floors!
 63864 | Zot:3    | Identified the +5 eveningstar of Yheec {vorpal, rC+ Str+3}
                  | (You found it on level 3 of the Realm of Zot)
 65018 | D:10     | Killed Swippen's ghost
 65214 | Vaults:1 | Killed inmateoo's ghost
 65220 | Vaults:1 | Killed Muvus's ghost
 65357 | Crypt:1  | Killed an ancient lich
 65369 | Crypt:1  | Killed Zoalos's ghost
 65815 | Depths:1 | Identified the +2 pair of gloves "Muygh" {rN+++ MP+9 Str+3
                  | Dex-3} (You found it on level 1 of the Depths)
 65983 | D:12     | You paid a toll of 7 scrolls of fog to enter a treasure
                  | trove
 65984 | Trove    | Entered a treasure trove
 65987 | Trove    | Found the +3 sling "Punk" {acid, rCorr}
 65993 | Trove    | Identified the +1 rapier of Prudence {holy, MR++ Str-3}
                  | (You found it in a treasure trove)
 66001 | Trove    | Identified the +1 short sword "Vusyb Gyceuw" {flame, Str+5}
                  | (You found it in a treasure trove)
 66004 | Trove    | Identified the +4 hand crossbow of the Ten Invaders {penet,
                  | Stlth+} (You found it in a treasure trove)
 66199 | Bazaar   | Entered a bazaar
 66203 | Bazaar   | Found Ugech's Armour Boutique.
 66209 | Bazaar   | Bought the +1 leather armour of Hiocabar {rPois MR+ Int+5}
                  | for 548 gold pieces
 66224 | Bazaar   | Found Eqol's Weapon Emporium.
 66242 | Bazaar   | Found Wyozuubui's Antique Armour Boutique.
 66247 | Bazaar   | Bought a pair of shimmering boots for 209 gold pieces
 66251 | Bazaar   | Identified the +2 pair of boots "Ecuhateh" {*Drain +Blink
                  | Int+6} (You bought it in a shop in a bazaar)
 66277 | Bazaar   | Found Tob Icoh's Weapon Shoppe.
 66460 | Hell     | Entered the Vestibule of Hell
 66460 | Hell     | Noticed Geryon
 66627 | Depths:4 | Learned a level 9 spell: Fire Storm
 66869 | Depths:4 | Learned a level 9 spell: Shatter
 67992 | Hell     | Reached skill level 24 in Armour
 68348 | Hell     | Killed Geryon
 68747 | Hell     | Found a gateway to the ashen valley of Gehenna.
 68875 | Hell     | Found a gateway to the Iron City of Dis.
 68918 | Hell     | Found a gateway to the freezing wastes of Cocytus.
 68993 | Hell     | Found a gateway to the decaying netherworld of Tartarus.
 69090 | Geh:1    | Entered Level 1 of Gehenna
 69954 | Geh:2    | Found a burning altar of Makhleb.
 70197 | Geh:3    | You fall into a shaft and drop 1 floor!
 70795 | Geh:6    | You fall into a shaft and drop 1 floor!
 70795 | Geh:7    | Entered Level 7 of Gehenna
 70795 | Geh:7    | Noticed the Serpent of Hell
 70804 | Geh:7    | Killed the Serpent of Hell
 70832 | Geh:7    | Killed from afar by a hellion

Illustrated notes

Levels and vault maps discovered:
D:1:      grunt_arrival_lava_bath, layout_basic, minivault_23
D:2:      layout_rooms
D:3:      layout_loops_cross, first_ration, uniq_robin
D:4:      layout_basic, temple_green, fedhas_ov_isle_minmay
D:5:      layout_loops_ring, gammafunk_ghost_gnarly_gnolls
D:6:      layout_rooms, chequers_temple_overflow_statue_of_worship,
          kennysheep_mini_moat, basic_altar, minmay_ruined_shrine
D:7:      layout_rooms, nicolae_tso_besieged_by_evil, grunt_dithmenos_smoke
D:8:      layout_loops_corners, grunt_temple_overflow_bloody_war,
          nicolae_qazlal_eye_of_the_storm, basic_altar
D:9:      layout_cave_pools, zombieorc2_lemuel, the_bakery,
          kennysheep_flooded_box, dk_noncrumbling_3, minmay_gold_behind_fungi,
          hex_tiny, nicolae_ru_the_path_less_chosen
D:10:     layout_cave_pools, serial_shops, shop, nicolae_shop_behind_doors,
          shop, biasface_ghost_orc_armoury
D:11:     layout_cave_pools, lair_entry_dummy, st_stairs_8
D:12:     minmay_tri_stars, layout_basic, nicolae_trove_entry_crystal,
          tgw_lugonu_bribe, uniq_nessos
D:13:     layout_basic, david_vaults_4, nicolae_straight_to_the_point,
          uniq_josephine
D:14:     layout_cave_pods, chequers_mini_garden, st_stairs_6,
          guppyfry_shop_blood
D:15:     grunt_enter_depths_hoard, layout_rooms, basic_altar,
          minmay_misc_feat_columns
Temple:   hc_temple_tempest_star
Lair:1:   layout_chaotic_city, beast_lair_carwin_7
Lair:2:   beast_lair_carwin_large_1, layout_small_grid, minmay_swamp_entry_eels,
          uniq_fannar, uniq_sonja
Lair:3:   pond_and_an_island_with_a_cottage, layout_cave_pods,
          minmay_snake_entry_guardpost_small
Lair:4:   layout_misc_corridors
Lair:5:   layout_gridlike, nicolae_volcano_entry_two_sided, basic_altar,
          serial_bayou_shore_b, infiniplex_staircase_pool_2,
          serial_bayou_shore_a
Lair:6:   gammafunk_lair_ancient_temple, layout_loops_ring, slime_dummy,
          gauntlet_entry_generic, serial_bayou_shore_b, lemuel_fruit_tree,
          minmay_lair_oklob_chamber
Swamp:1:  layout_basic_swamp, evilmike_swamp_ruin_house_3
Swamp:2:  layout_basic_swamp, serial_swamp_ruin, evilmike_swamp_ruin_house_2,
          evilmike_swamp_ruin_house_6, evilmike_swamp_ruin_house_4, swamp_pool4,
          uniq_frances
Swamp:3:  layout_basic_swamp, nicolae_swamp_round_clearing
Swamp:4:  swamp_alternative, layout_basic_swamp
Snake:1:  layout_gridlike, serial_shops, shop_coins, uniq_azrael, uniq_aizul
Snake:2:  layout_onion
Snake:3:  layout_cave_town, serial_shops, nicolae_shop_trees
Snake:4:  snake_pit, layout_misc_corridors, minmay_shop_grove, uniq_bai_suzhen,
          uniq_louise
Slime:1:  layout_caves
Slime:2:  layout_caves, nicolae_slime_round_cave
Slime:3:  layout_caves, cheibrodos_slime_lost_civilization_5
Slime:4:  layout_caves
Slime:5
Orc:1:    layout_caves, serial_shops, shop, shop,
          nicolae_shop_overgrown_old_shop, shop, lemuel_statue_altar,
          uniq_jorgrun
Orc:2:    st_orc_town, layout_caves, bloody_trog
Elf:1:    eino_elf_arrival_shootout, layout_onion_city, basic_altar,
          serial_shops, shop, minmay_elf_annihilation, glass_columns_a,
          hangedman_elven_ridges, drop_trap, uniq_kirke
Elf:2:    layout_loops_ring, uniq_agnes, uniq_donald
Elf:3:    minmay_elf_hall_spiked, layout_geoelf_castle, kb_rosetta
Vaults:1: advil_vaults_ghost_guards, grunt_vaults_hallway_long,
          ontoclasm_vaults_claustrophobia, v_misc_13, v_misc_16, st_cells,
          nicolae_vaults_alarming, v_misc_14, nicolae_vaults_little_squares_1,
          grunt_vaults_hallway_long, layout_vaults_quadrants
Vaults:2: v_misc_9, ontoclasm_vaults_fire_temple, vaults_mumra_chevron_long,
          v_misc_29, v_misc_30, vaults_room_stairs_pillars, v_misc_23,
          vaults_mumra_minichess, hangedman_vaults_snaps,
          nicolae_vaults_triangles, nicolae_vaults_asterisk,
          layout_vaults_chaotic_city
Vaults:3: hangedman_vaults_corner, grunt_vaults_swirl,
          nicolae_vaults_inception_scallops, minmay_crypt_entry_necro_gods,
          nicolae_vaults_rhombus_6, nicolae_vaults_diagonal_hallway_9,
          vaults_room_ringed_pool, nicolae_vaults_network_quinsquares
          [nicolae_vaults_network_quincunx_subvault,
          nicolae_vaults_network_quincunx_subvault,
          nicolae_vaults_network_quincunx_subvault,
          nicolae_vaults_network_quincunx_subvault], v_misc_33,
          nicolae_vaults_rhombus_5, grunt_vaults_diagonal,
          nicolae_vaults_mini_display_case, layout_vaults_maze,
          mu_enter_wizlab_7, serial_shops, shop, uniq_sojobo
Vaults:4: nicolae_vaults_inception_network, vaults_room_corners, v_rooms_2,
          vaults_room_hallway, vaults_standard_mumra_enter_the_diamond,
          vaults_room_octagon, ontoclasm_vaults_pinch, vaults_room_hallway,
          nicolae_vaults_big_angled_halls, nicolae_vaults_rhombus_6,
          layout_vaults_omnibox
Crypt:1:  layout_misc_corridors, gammafunk_ghost_arena, wad_floor_pattern_2,
          grunt_megastairs_1
Crypt:2:  layout_gridlike, nicolae_crypt_statuary_hall
Crypt:3:  church_of_pain_bobbens, layout_chaotic_city,
          serial_sigils_hangedman_quiver, grunt_ministairs_12
Depths:1: layout_basic, grunt_hell_entry_demonic_statue, minmay_holes,
          abyss_entry, st_stairs_8, minivault_10, minmay_st_funbox, wad_dig_loot
Depths:2: lemuel_river_lethe, abyss_entry, hell_entry
Depths:3: evilmike_diamond_2, layout_cave_pools, rand_demon_pan_entry_5,
          hell_entry, hangedman_abyss_or_decor_lesser_grid, grunt_decor_cap,
          nicolae_lava_and_water, nemelex_diamond_rough_becter
Depths:4: minmay_big_diamond_grid, layout_basic, enter_ziggurat_f, serial_shops,
          bzr_entry_dummy, hell_entry, abyss_entry, chequers_jeans
Depths:5: evilmike_zot_entry_hall, layout_long_grid, grunt_pan_entry_spiral,
          grunt_hell_entry_dis_old, serial_shops, shop,
          nicolae_transmutations_shop, hex_large, serial_bayou_shore_b,
          uniq_frederick
Hell
Geh:1:    minmay_firetagon, layout_gehenna_pools_box
Geh:2:    layout_gehenna_pools_triple, hangedman_feature_mirror,
          gehenna_fire_generator, gehenna_fire_generator
Geh:3:    layout_gehenna_lava_caves, hangedman_elemental_grid_stream
Geh:4:    layout_gehenna_lava_caves
Geh:5:    layout_gehenna_lava_caves
Geh:6:    layout_gehenna_lava_caves
Geh:7:    geh_hangedman
Zot:1:    gammafunk_sealed_arena, layout_cathedral_of_symmetry,
          ebering_ghost_xom
Zot:2:    layout_basic, lemuel_lake_of_fire
Zot:3:    layout_twisted_circle
Zot:4:    layout_cellular_growth, st_stairs_3, skrybe_zot_glass_3

Skill      XL: |  1  2  3  4  5  6  7  8  9 10 11 12 13 14 15 16 17 18 19 20 21 22 23 24 25 26 27 |
---------------+----------------------------------------------------------------------------------+-----
Spellcasting   | 5 6 7 8 9 10 11 12 13 14 15 16 19 | 19.6
Invocations    | 1 2 3 4 5 6 7 8 9 10 11 12 13 14 15 16 17 20 | 20.5
Short Blades   | 1 2 3 4 5 6 7 8 9 10 11 12 13 14 15 16 21 | 21.1
Long Blades    | 1 2 3 4 5 6 7 8 9 10 11 12 13 14 15 16 19 | 19.1
Axes           | 1 2 3 4 5 6 7 8 9 10 11 12 13 14 15 16 19 | 19.1
Maces & Flails | 1 2 3 4 5 6 7 8 9 10 11 12 13 14 15 16 19 | 19.1
Staves         | 1 2 3 4 5 6 7 8 9 10 11 12 13 14 15 16 19 | 19.1
Slings         | 1 2 3 4 5 6 7 8 9 10 11 12 13 14 15 16 19 | 19.1
Bows           | 1 2 3 4 5 6 7 8 9 10 11 12 13 14 15 16 19 | 19.1
Crossbows      | 1 2 3 4 5 6 7 8 9 10 11 12 13 14 15 16 19 | 19.1
Throwing       | 1 2 3 4 5 6 7 8 9 10 11 12 13 14 15 16 19 | 19.1
Stealth        | 1 2 3 4 5 6 7 8 9 10 11 12 13 14 15 16 19 | 19.1
Shields        | 1 2 3 4 5 6 7 8 9 10 11 12 13 14 15 16 19 | 19.1
Unarmed Combat | 1 2 3 4 5 6 7 8 9 10 11 12 13 14 15 16 19 | 19.1
Evocations     | 1 2 3 4 5 6 7 8 9 10 11 12 13 14 15 16 19 | 19.1
Conjurations   | 1 2 3 4 5 6 7 8 9 10 11 12 13 14 16 | 16.5
Hexes          | 1 2 3 4 5 6 7 8 9 10 11 12 13 14 18 | 18.3
Summonings     | 1 2 3 4 5 6 7 8 9 10 11 12 13 14 16 | 16.5
Necromancy     | 1 2 3 4 5 6 7 8 9 10 11 12 13 14 18 | 18.6
Translocations | 1 2 3 4 5 6 7 8 9 10 11 12 13 14 16 | 16.5
Transmutations | 1 2 3 4 5 6 7 8 9 10 11 12 13 14 16 | 16.5
Fire Magic     | 1 2 3 4 5 6 7 8 9 10 11 12 13 14 16 | 16.5
Ice Magic      | 1 2 3 4 5 6 7 8 9 10 11 12 13 14 16 | 16.5
Air Magic      | 1 2 3 4 5 6 7 8 9 10 11 12 13 14 16 | 16.5
Earth Magic    | 1 2 3 4 5 6 7 8 9 10 11 12 13 14 16 | 16.5
Poison Magic   | 1 2 3 4 5 6 7 8 9 10 11 12 13 14 16 | 16.5
Armour         | 3 4 5 6 7 9 10 12 13 14 15 16 17 18 19 20 21 24 | 24.9
Fighting       | 5 6 7 8 9 10 11 12 13 14 15 16 19 | 19.5
Polearms       | 5 6 7 8 9 10 11 12 13 14 15 16 19 | 19.5
Dodging        | 5 6 7 8 9 10 11 12 13 14 15 16 19 | 19.5
Charms         | 6 7 8 9 10 11 12 13 14 17 | 17.2

Action                   |  1- 3 |  4- 6 |  7- 9 | 10-12 | 13-15 | 16-18 | 19-21 | 22-24 | 25-27 || total
-------------------------+-------+-------+-------+-------+-------+-------+-------+-------+-------++-------
Melee: Spear             |    90 |    47 |       |   203 |   994 |  1274 |  1705 |   533 |       ||  4846
       Bite              |     4 |    12 |    65 |   104 |   230 |   250 |   383 |   247 |   584 ||  1879
       Flail             |       |   111 |   352 |   354 |       |       |       |       |       ||   817
       Punch             |       |     3 |     6 |       |       |       |       |       |       ||     9
       Unarmed           |       |       |       |     3 |       |       |       |       |  1416 ||  1419
       Demon trident     |       |       |       |       |       |       |       |   621 |  1663 ||  2284
Throw: Javelin           |       |     1 |       |       |       |     4 |       |       |     6 ||    11
       Dart              |       |       |     9 |     1 |     3 |     1 |       |       |       ||    14
       Throwing net      |       |       |       |       |       |       |       |       |     1 ||     1
 Cast: Infusion          |     4 |     4 |    15 |     8 |     1 |     2 |       |     1 |       ||    35
       Shroud of Golubri |     1 |     5 |    14 |    13 |     7 |     5 |     1 |       |     1 ||    47
       Song of Slaying   |     1 |     1 |     1 |     6 |     1 |     2 |       |       |       ||    12
       Spectral Weapon   |       |       |       |    22 |    51 |    73 |    89 |    71 |    78 ||   384
       Blade Hands       |       |       |       |     2 |       |       |       |       |       ||     2
       Freezing Cloud    |       |       |       |       |       |    16 |    20 |    13 |    28 ||    77
       Passage of Golubr |       |       |       |       |       |     1 |       |     4 |       ||     5
       Lee's Rapid Decon |       |       |       |       |       |       |    39 |    11 |     4 ||    54
       Passwall          |       |       |       |       |       |       |       |     4 |       ||     4
       Statue Form       |       |       |       |       |       |       |       |       |    71 ||    71
       Controlled Blink  |       |       |       |       |       |       |       |       |     3 ||     3
       Shatter           |       |       |       |       |       |       |       |       |    30 ||    30
       Absolute Zero     |       |       |       |       |       |       |       |       |    21 ||    21
       Ring of Flames    |       |       |       |       |       |       |       |       |    11 ||    11
       Fire Storm        |       |       |       |       |       |       |       |       |     4 ||     4
Invok: Slouch            |       |       |       |     8 |     2 |     9 |     7 |       |    12 ||    38
 Abil: End Transformatio |       |       |       |     2 |       |       |       |       |     2 ||     4
       Stop Flying       |       |       |       |       |       |     1 |       |       |       ||     1
Evoke: Wand              |       |       |     2 |    12 |    12 |     2 |     1 |       |       ||    29
       Phantom mirror    |       |       |       |     1 |       |       |       |       |       ||     1
       Phial of floods   |       |       |       |     1 |       |       |       |       |       ||     1
       Lightning rod     |       |       |       |       |     4 |       |     6 |       |       ||    10
       Tin of tremorston |       |       |       |       |       |       |       |     1 |    10 ||    11
       Staff of energy   |       |       |       |       |       |       |       |       |     9 ||     9
       Horn of Geryon    |       |       |       |       |       |       |       |       |     1 ||     1
       Box of beasts     |       |       |       |       |       |       |       |       |     1 ||     1
  Use: Scroll            |       |    15 |     3 |    11 |    10 |     5 |     6 |    13 |    22 ||    85
       Potion            |       |       |       |     2 |     1 |     1 |     4 |     2 |     3 ||    13
 Stab: Sleeping          |     2 |     2 |     6 |    12 |    38 |    19 |    29 |    14 |    58 ||   180
       Distracted        |       |       |       |    14 |    21 |    35 |    59 |    33 |    42 ||   204
       Confused          |       |       |       |       |       |       |       |       |     4 ||     4
  Eat: Chunk             |     2 |     6 |     5 |     3 |    12 |     3 |     1 |       |       ||    32
       Ration            |       |       |     1 |     3 |     2 |     7 |     7 |     2 |    16 ||    38
Armor: Leather armour    |    18 |    49 |   133 |    67 |       |       |       |       |    28 ||   295
       Troll leather arm |       |       |       |     7 |    69 |       |       |       |       ||    76
       Quicksilver drago |       |       |       |       |       |   169 |   153 |   112 |   202 ||   636
       Skin              |       |       |       |       |       |       |       |       |   480 ||   480
Dodge: Dodged            |    47 |   115 |   400 |   438 |   411 |   597 |   639 |   424 |  2897 ||  5968
Block: Buckler           |       |       |    37 |   256 |   349 |    25 |       |       |       ||   667
       Kite shield       |       |       |       |       |       |   721 |   926 |   647 |  2940 ||  5234
